 Dungeon Crawl Stone Soup version 0.24-a0-388-gb57f36d6e0 (webtiles) character file.

Game seed: 15934907970278914491

3648 Gargoyl the Chopper (level 9, -1/66 HPs)
             Began as a Centaur Abyssal Knight on June 4, 2019.
             Was an Elder of Lugonu.
             Slain by Psyche
             ... wielding a +1 dagger of distortion
              (5 damage)
             ... on level 8 of the Dungeon.
             The game lasted 00:13:37 (10561 turns).

Gargoyl the Chopper (Centaur Abyssal Knight)       Turns: 10561, Time: 00:13:38

Health: -1/66      AC: 13    Str: 16    XL:     9   Next: 88%
Magic:  13/13      EV: 10    Int: 13    God:    Lugonu [****..]
Gold:   483        SH:  0    Dex: 14    Spells: 8/8 levels left

rFire    + . .     SeeInvis .   w - +6 hand axe (vamp)
rCold    + . .     Gourm    .   (no shield)
rNeg     . . .     Faith    .   z - +0 ring mail "Tithroott" {rC+ rCorr Dex+3}
rPois    .         Spirit   .   p - +2 helmet
rElec    .         Reflect  .   x - +2 cloak
rCorr    +         Harm     .   (no gloves)
MR       +....                  (no barding)
Stlth    ..........             (no amulet)
HPRegen  0.21/turn              g - ring of flight
MPRegen  0.13/turn              n - ring of protection from magic

@: confused, studying Crossbows, very quick
A: large, hooves 3, clever 1, deformed body, fire resistance 1, speed 2, frail
1, tough skin 3
a: Depart the Abyss, Bend Space, Banish, Corrupt, Renounce Religion, Evoke
Flight


You were on level 8 of the Dungeon.
You worshipped Lugonu.
Lugonu was greatly pleased with you.
You were very hungry.

You visited 1 branch of the dungeon, and saw 8 of its levels.
You visited the Abyss 2 times.

You collected 483 gold pieces.

Inventory:

Hand Weapons
 a - a +1 hand axe
 i - a +1 war axe
 t - a +4 hand axe
 w - a +6 vampiric hand axe (weapon)
Missiles
 j - 13 boomerangs
 u - 5 javelins (quivered)
Armour
 p - a +2 helmet (worn)
 x - a +2 cloak (worn)
 z - the +0 ring mail "Tithroott" (worn) {rC+ rCorr Dex+3}
   (You found it on level 7 of the Dungeon)

   It affects your dexterity (+3).
   It protects you from cold.
   It provides partial protection from all sources of acid and corrosion.
Jewellery
 g - a ring of flight (left hand)
 n - a ring of protection from magic (right hand)
 E - an uncursed ring of ice {unknown}
 H - a +3 ring of dexterity {unknown}
Wands
 k - a wand of random effects (18)
 y - a wand of paralysis (8)
 A - a wand of flame (12)
 C - a wand of digging (2)
 F - a wand of iceblast (4)
Scrolls
 b - 2 scrolls of amnesia
 d - 3 scrolls of teleportation
 e - 12 scrolls of identify
 f - 4 scrolls of magic mapping
 l - 4 scrolls of remove curse
 o - 2 scrolls of fear
 q - a scroll of blinking
Potions
 h - 2 potions of brilliance
 m - a potion of mutation
 v - a potion of might
 B - 2 potions of agility
 D - 2 potions of degeneration {unknown}
 G - a potion of curing {unknown}
Books
 r - a manual of Crossbows
Comestibles
 c - 19 rations


   Skills:
 + Level 5.2 Fighting
 + Level 6.8 Axes
 + Level 1.6 Throwing
 * Level 6.5 Armour
 * Level 3.9 Dodging
 * Level 6.3 Invocations


You had 8 spell levels left.
You didn't know any spells.
Your spell library contained the following spells:

 Spells                   Type           Power        Failure   Level  Hunger
 Corona                   Hex            #......      47%         1    ##.....
 Corpse Rot               Necr           N/A          63%         2    ###....
 Ensorcelled Hibernation  Hex/Ice        #.....       63%         2    ###....
 Sublimation of Blood     Necr           #.........   63%         2    ###....
 Confuse                  Hex            #.......     85%         3    ####...
 Dazzling Spray           Conj/Hex       #.....       85%         3    ####...
 Spider Form              Tmut/Pois      #.........   85%         3    ####...
 Tukima's Dance           Hex            #.......     85%         3    ####...
 Ice Form                 Ice/Tmut       #.......     99%         4    #####..
 Agony                    Necr           #.......     100%        5    ######.
 Blade Hands              Tmut           #.........   100%        5    ######.
 Bolt of Draining         Conj/Necr      #.........   100%        5    ######.
 Dispel Undead            Necr           #.......     100%        5    ######.
 Excruciating Wounds      Chrm/Necr      #.........   100%        5    ######.
 Yara's Violent Unravell  Hex/Tmut       #.........   100%        5    ######.


Dungeon Overview and Level Annotations

Branches:
Dungeon (8/15)             Temple (0/1) D:6
   Lair: D:8-11

Altars:
Cheibriados
Dithmenos
Elyvilon
Nemelex Xobeh
Qazlal
Sif Muna
Trog
Uskayaw
Vehumet
Zin
The Shining One

Annotations:
D:8 Psyche


Innate Abilities, Weirdness & Mutations

You have hooves in place of feet.
Armour fits poorly on your strangely shaped body.
You cover ground very quickly.
You have extremely tough skin. (AC +3)
Your mind is acute. (Int +2)
Your flesh is heat resistant. (rF+)
You are frail. (-10% HP)


Message History

You blink.
Psyche points at you and mumbles some strange words.
The puff of flame hits you. You resist. Psyche hits you but does no damage.
Space warps horribly around you!!
You hit Psyche but do no damage. You kick Psyche!
Psyche is heavily wounded.
Psyche barely misses you. Psyche hits you but does no damage.
Space bends around you.
You slash Psyche!
You feel better.
Psyche is almost dead.
Psyche hits you with a +1 dagger of distortion.
Space warps horribly around you!!
* * * LOW HITPOINT WARNING * * *
Psyche looks encouraged for a moment.
You are confused.
You feel invigorated. Psyche hits you but does no damage.
Space warps horribly around you!
* * * LOW HITPOINT WARNING * * *
Psyche hits you but does no damage. Space bends around you.
You die...

##.....#.....## #.#
##.............## #.#
#...............###.####
#.......................
#.......................
#...............##@.....
#..[<...................
##.....@.......###......
##....@......## #..#...
###.........###..####.
#..[........#.## #.
#.........#.#.# #.
#.............# #.
#............## ###.
#............####...
#.............#...##
#..................#


You could see Psyche.

Vanquished Creatures
  Maurice (D:8)
  2 hippogriffs
  A water moccasin (D:7)
  A phantom (D:6)
  3 ice beasts
  2 sky beasts
  4 ogres
  2 eyes of draining (D:6)
  3 centaurs
  A big kobold (D:8)
  3 bullfrogs
  A gnoll sergeant (D:8)
  4 scorpions
  4 wights
  2 crimson imps (D:5)
  3 hounds
  A quasit (D:5)
  A bullfrog zombie (D:5)
  2 orc priests
  2 centaur skeletons
  An iguana (D:7)
  9 orc wizards
  5 worker ants
  10 gnolls
  12 adders
  A shadow imp (D:5)
  An ooze (D:6)
  4 worms
  2 dart slugs
  3 leopard geckos
  37 orcs
  4 giant cockroaches
  8 goblins
  9 hobgoblins
  4 jackals (D:2)
  3 quokkas
  2 ball pythons
  7 bats
  10 frilled lizards
  7 kobolds
  A leopard gecko zombie (D:5)
  11 rats
194 creatures vanquished.

Vanquished Creatures (others)
  A water moccasin (D:4)
  A gnoll (D:8)
  A hobgoblin (D:2)
3 creatures vanquished.

Grand Total: 197 creatures vanquished

Notes
Turn   | Place    | Note
-------+----------+-------------------------------------------
     0 | Abyss:1  | Gargoyl the Centaur Abyssal Knight began the quest for the
                  | Orb.
     0 | Abyss:1  | Reached XP level 1. HP: 19/19 MP: 2/2
    50 | Abyss:1  | Noticed a quicksilver dragon zombie
    50 | Abyss:1  | Noticed a large abomination
    68 | Abyss:1  | Noticed a sixfirhy
    73 | D:1      | Escaped the Abyss
   344 | D:1      | Reached * piety under Lugonu
   409 | D:1      | Reached XP level 2. HP: 18/26 MP: 3/3
   918 | D:1      | Reached skill level 1 in Dodging
   962 | D:1      | Reached XP level 3. HP: 29/31 MP: 4/4
  1313 | D:2      | Reached ** piety under Lugonu
  1807 | D:2      | Reached XP level 4. HP: 22/39 MP: 4/6
  2845 | D:3      | Found a shadowy altar of Dithmenos.
  3254 | D:4      | Noticed a hippogriff
  3339 | D:3      | Killed a hippogriff
  3339 | D:3      | Reached XP level 5. HP: 20/46 MP: 7/7
  3339 | D:3      | Reached XP level 6. HP: 23/52 MP: 8/8
  3598 | D:4      | Found a glowing silver altar of Zin.
  3737 | D:4      | Identified the Almanac of Kismet
  4108 | D:4      | Reached *** piety under Lugonu
  4224 | D:4      | Found a white marble altar of Elyvilon.
  4526 | D:5      | Entered Level 5 of the Dungeon
  4642 | D:5      | Reached XP level 7. HP: 45/59 MP: 9/9
  6294 | D:4      | Found a glowing golden altar of the Shining One.
  6294 | D:4      | Found a hide-covered altar of Uskayaw.
  6297 | D:4      | Found a radiant altar of Vehumet.
  6335 | D:5      | Reached XP level 8. HP: 66/66 MP: 11/11
  6458 | D:6      | Reached skill level 5 in Invocations
  6967 | D:6      | Reached skill level 1 in Throwing
  6967 | D:6      | Reached skill level 5 in Armour
  6985 | D:6      | Reached skill level 5 in Axes
  7001 | D:6      | Found a sparkling altar of Nemelex Xobeh.
  7550 | D:6      | Found a snail-covered altar of Cheibriados.
  7776 | D:6      | Found a staircase to the Ecumenical Temple.
  7832 | D:6      | Found a bloodstained altar of Trog.
  7839 | D:6      | Reached **** piety under Lugonu
  7851 | D:6      | Reached XP level 9. HP: 72/72 MP: 0/13
  8367 | D:6      | Gained mutation: Your mind is acute. (Int +2) [potion of
                  | mutation]
  8367 | D:6      | Gained mutation: You are frail. (-10% HP) [potion of
                  | mutation]
  8367 | D:6      | Gained mutation: Your flesh is heat resistant. (rF+)
                  | [potion of mutation]
  8501 | D:7      | Got a twisted ring mail
  8512 | D:7      | Identified the cursed +0 ring mail "Tithroott" {rC+ rCorr
                  | Dex+3} (You found it on level 7 of the Dungeon)
  8597 | D:7      | Found a deep blue altar of Sif Muna.
  8950 | D:7      | Reached skill level 5 in Fighting
  9585 | D:8      | Noticed Psyche
  9929 | D:8      | Noticed Maurice
  9953 | D:8      | Killed Maurice
 10298 | D:8      | Found a stormy altar of Qazlal.
 10509 | D:8      | Cast into level 2 of the Abyss (Psyche)
 10550 | Abyss:2  | Noticed a bone dragon
 10551 | D:8      | Escaped the Abyss
 10561 | D:8      | Slain by Psyche

Levels and vault maps discovered:
D:1:      co_arrival_square_in_a_square_in_a_square, layout_loops_ring,
          minmay_tetromino_t4
D:2:      layout_rooms, kennysheep_generic_room_5
D:3:      layout_loops_ring, grunt_dithmenos_smoke
D:4:      layout_rooms, kennysheep_mini_moat, elyvilon_altar_5,
          nicolae_overflow_hidden_temple, moated_statue
D:5:      layout_basic, first_ration, minmay_manual_moon
D:6:      layout_rooms, nemelex_xobeh_ov_fountains_minmay,
          trog_eyes_of_draining, temple_hall, basic_altar
D:7:      layout_loops_corners, lemuel_blue_sif_altar
D:8:      layout_rooms, overflow_temple_1_default, blue_anna_alchemist
          [blue_anna_fruit_fields, blue_anna_fruit_fields],
          nicolae_two_hexagons, uniq_maurice, uniq_psyche

Skill      XL: |  1  2  3  4  5  6  7  8  9 |
---------------+----------------------------+-----
Axes           | 2 3 4 5 6 |  6.8
Dodging        | 1 2 3 |  3.9
Armour         | 2 3 4 5 6 |  6.5
Invocations    | 3 4 5 6 |  6.3
Fighting       | 4 5 |  5.2
Throwing       | 1 |  1.6

Action                   |  1- 3 |  4- 6 |  7- 9 || total
-------------------------+-------+-------+-------++-------
Melee: Hand axe          |   131 |    49 |   208 ||   388
       Kick              |    19 |    29 |   101 ||   149
       War axe           |       |   112 |   204 ||   316
Throw: Javelin           |       |       |    10 ||    10
       Boomerang         |       |       |    14 ||    14
Invok: Depart the Abyss  |     1 |       |     1 ||     2
       Banish            |       |       |     1 ||     1
  Use: Scroll            |     5 |     4 |    11 ||    20
       Potion            |       |     1 |     3 ||     4
  Eat: Chunk             |     2 |     7 |    10 ||    19
       Ration            |       |       |     2 ||     2
Armor: Scale mail        |    98 |    78 |   160 ||   336
       Ring mail         |       |       |   115 ||   115
Dodge: Dodged            |    63 |    77 |   196 ||   336

Table legend:
 A = Non-vault XP
 B = Vault XP
 C = Vault XP percentage of total XP
 D = Non-vault monster count
 E = Vault monster count
 F = Vault count percentage of total count
                 A         B        C        D         E       F
            +---------+---------+-------+---------+---------+-------
      Total |    4649 |     563 |  10.8 |     184 |      12 |   6.1
            +---------+---------+-------+---------+---------+-------
        D:1 |      38 |       6 |  13.6 |      24 |       3 |  11.1
        D:2 |      70 |       1 |   1.4 |      28 |       1 |   3.4
        D:3 |     346 |       0 |   0.0 |      22 |       0 |   0.0
        D:4 |     307 |       0 |   0.0 |      19 |       0 |   0.0
        D:5 |     724 |      88 |  10.8 |      23 |       2 |   8.0
        D:6 |    1337 |     257 |  16.1 |      32 |       4 |  11.1
        D:7 |    1267 |       0 |   0.0 |      23 |       0 |   0.0
        D:8 |     560 |     211 |  27.4 |      13 |       2 |  13.3
            +---------+---------+-------+---------+---------+-------
